 Dungeon Crawl Stone Soup version 0.21-a0-225-g207ae17 (webtiles) character file.

197306 tof the Minotaur Blade (level 18, -4/153 HPs)
             Began as a Minotaur Berserker on Aug 28, 2017.
             Was the Champion of Trog.
             Slain by a naga warrior
             ... wielding a +1 glaive of freezing
              (15 damage)
             ... on level 4 of the Snake Pit on Aug 29, 2017.
             The game lasted 02:06:15 (41086 turns).

tof the Minotaur Blade (Minotaur Berserker)        Turns: 41086, Time: 02:06:15

Health: -4/153     AC: 25    Str: 16 (17) XL:     18   Next: 18%
Magic:  13/13      EV: 27    Int:  4      God:    Trog [******]
Gold:   1874       SH:  0    Dex: 21 (22) Spells: 17/17 levels left

rFire    + + +     SeeInvis .   a - +3 triple sword of Red Wine {protect, rF++ Str-5 Dex+3}
rCold    . . .     Gourm    .   (shield currently unavailable)
rNeg     . . .     Faith    .   m - +2 ring mail of the Distant Future {rPois rF+ Int-4 Dex+2}
rPois    +         Spirit   .   (helmet unavailable)
rElec    .         Reflect  .   f - +2 cloak
rCorr    .         Harm     .   w - +2 pair of gloves
MR       ++...     Rnd*Rage +   T - +1 pair of boots
Stlth    +.........             (no amulet)
HPRegen  0.35/turn              Z - ring of poison resistance
MPRegen  0.13/turn              l - ring of Dussidef {MR+ EV+2 Int+3 Dex+2}

@: lethally poisoned (-4 -> -5), protection aura, berserk cooldown, slowed,
constricted, very slow
A: retaliatory headbutt, claws 1, hooves 1, horns 3, repulsion field 1, berserk
1, deformed body, deterioration 2, frail 1, low mp 2, weak 1, evolution 1
a: Berserk, Trog's Hand, Brothers in Arms, Burn Spellbooks, Renounce Religion


You were on level 4 of the Snake Pit.
You worshipped Trog.
Trog was exalted by your worship.
You were not hungry.

You visited 4 branches of the dungeon, and saw 27 of its levels.
You also visited: Sewer, Ice Cave and Volcano.

You collected 3088 gold pieces.
You spent 1214 gold pieces at shops.

Inventory:

Hand Weapons
 a - the +3 triple sword of Red Wine (weapon) {protect, rF++ Str-5 Dex+3}
   (Trog gifted it to you on level 13 of the Dungeon)

   It protects the one who uses it against injury (+AC on strike).
   It affects your strength (-5).
   It affects your dexterity (+3).
   It greatly protects you from fire.
 b - a +6 great sword of flaming
 q - a +9 great sword of electrocution
 H - a +6 great sword of holy wrath
 V - a +3 demon blade of venom
Armour
 f - a +2 cloak (worn)
 m - the +2 ring mail of the Distant Future (worn) {rPois rF+ Int-4 Dex+2}
   (You found it on level 14 of the Dungeon)

   It affects your intelligence (-4).
   It affects your dexterity (+2).
   It protects you from fire.
   It protects you from poison.
 w - a +2 pair of gloves (worn)
 G - a +6 chain mail of positive energy
 L - +3 storm dragon scales {Bai Suzhen}
 T - a +1 pair of boots (worn)
 Y - a +2 plate armour of fire resistance
Jewellery
 c - an uncursed ring of protection from cold
 l - the ring of Dussidef (right hand) {MR+ EV+2 Int+3 Dex+2}
   (You took it off a centaur on level 14 of the Dungeon)

   [ring of evasion]

   It affects your evasion (+2).
   It affects your intelligence (+3).
   It affects your dexterity (+2).
   It affects your resistance to hostile enchantments.
 Z - a ring of poison resistance (left hand)
Wands
 t - a wand of iceblast (3/15)
 C - a wand of confusion (20/48)
 E - a wand of paralysis (7/24)
 I - a wand of lightning (7/15)
 O - a wand of digging (5/24)
 S - a wand of lightning (3/15)
Scrolls
 e - 6 scrolls of teleportation
 g - 3 scrolls of blinking
 n - 7 scrolls of recharging
 r - 5 scrolls of identify
 s - 19 scrolls of remove curse
 u - 4 scrolls of fog
 z - a scroll of holy word
 B - 4 scrolls of magic mapping
 J - 2 scrolls of fear
 P - a scroll of silence
Potions
 h - 3 potions of cancellation
 k - 4 potions of might
 o - 5 potions of flight
 p - 13 potions of curing
 N - a potion of agility
 R - 3 potions of heal wounds
 U - a potion of brilliance
 W - 3 potions of haste
Books
 x - a book of Misfortune

   Spells                             Type                      Level
   a - Confusing Touch                Hexes                        1
   b - Confuse                        Hexes                        3
   c - Gell's Gravitas                Translocation                3
   d - Petrify                        Transmutation/Earth          4
   e - Metabolic Englaciation         Hexes/Ice                    5
   f - Yara's Violent Unravelling     Hexes/Transmutation          5
   Trog disapproves of the use of such an item.
 y - a book of Geomancy

   Spells                             Type                      Level
   a - Sandblast                      Earth                        1
   b - Passwall                       Transmutation/Earth          2
   c - Stone Arrow                    Conjuration/Earth            3
   d - Petrify                        Transmutation/Earth          4
   e - Lee's Rapid Deconstruction     Earth                        5
   Trog disapproves of the use of such an item.
 A - Roxanne's Reference Book on Transformation
   (You took it off Roxanne on level 3 of the Snake Pit)

   Spells                             Type                      Level
   a - Beastly Appendage              Transmutation                1
   b - Ignite Poison                  Fire/Transmutation/Poison    3
   c - Petrify                        Transmutation/Earth          4
   d - Alistair's Intoxication        Transmutation/Poison         5
   e - Statue Form                    Transmutation/Earth          6
   Trog disapproves of the use of such an item.
 K - a book of Flames

   Spells                             Type                      Level
   a - Flame Tongue                   Conjuration/Fire             1
   b - Throw Flame                    Conjuration/Fire             2
   c - Conjure Flame                  Conjuration/Fire             3
   d - Inner Flame                    Hexes/Fire                   3
   e - Sticky Flame                   Conjuration/Fire             4
   f - Fireball                       Conjuration/Fire             5
   Trog disapproves of the use of such an item.
 M - a book of Necromancy

   Spells                             Type                      Level
   a - Pain                           Necromancy                   1
   b - Animate Skeleton               Necromancy                   1
   c - Vampiric Draining              Necromancy                   3
   d - Regeneration                   Charms/Necromancy            3
   e - Animate Dead                   Necromancy                   4
   f - Control Undead                 Necromancy                   4
   Trog disapproves of the use of such an item.
 Q - a book of Debilitation

   Spells                             Type                      Level
   a - Corona                         Hexes                        1
   b - Slow                           Hexes                        2
   c - Inner Flame                    Hexes/Fire                   3
   d - Portal Projectile              Hexes/Translocation          3
   e - Cause Fear                     Hexes                        4
   f - Leda's Liquefaction            Hexes/Earth                  4
   Trog disapproves of the use of such an item.
Miscellaneous
 i - 2 phantom mirrors
 v - a lightning rod (4/4)
 F - a fan of gales
Comestibles
 d - 20 fruits
 j - 39 royal jellies
 D - a meat ration


   Skills:
 + Level 17.4 Fighting
 * Level 23.0 Long Blades
 - Level 17.3 Armour
 - Level 18.5 Dodging


You had 17 spell levels left.
You didn't know any spells.

Dungeon Overview and Level Annotations

Branches:
Dungeon (15/15)            Temple (0/1) D:4            Lair (6/6) D:10
 Shoals (0/4) Lair:2        Snake (4/4) Lair:4        Slime (0/5) Lair:5
    Orc (2/2) D:11            Elf (0/3) Orc:2        Vaults (0/5) D:13
 Depths (0/5) D:15

Altars:
Ashenzari
Cheibriados
Elyvilon
Fedhas
Kikubaaqudgha
Nemelex Xobeh
Okawaru
Qazlal
Sif Muna
Trog
Uskayaw
Xom
Yredelemnul
Zin
The Shining One
Jiyva

Shops:
Orc:2 :[(


Innate Abilities, Weirdness & Mutations

You reflexively headbutt those who attack you in melee.
You have a pair of large horns on your head.
You have sharp fingernails.
You have large cloven feet.
You are surrounded by a mild repulsion field. (EV +2)
You tend to lose your temper in combat.
Armour fits poorly on your strangely shaped body.
Your body often deteriorates upon taking damage.
You are frail. (-10% HP)
Your magical capacity is very low. (-20% MP)
You are weak. (Str -2)
You evolve.


Message History

You closely miss the naga warrior. You headbutt the naga warrior.
The naga warrior is heavily wounded.
You feel sick.
The naga warrior hits you but does no damage.
* * * LOW HITPOINT WARNING * * *
The naga warrior constricts you.
You completely miss the naga warrior. Your headbutt misses the naga warrior.
The naga warrior is heavily wounded.
The naga warrior hits you with a glaive of freezing!
* * * LOW HITPOINT WARNING * * *
The naga warrior freezes you.
* * * LOW HITPOINT WARNING * * *
x2 The naga warrior constricts you.
You slice the naga warrior!!
Your weapon exudes an aura of protection.
You headbutt the naga warrior!
The naga warrior is almost dead.
You feel sick.
The naga warrior hits you with a glaive of freezing!
You die...

..N ##)...# .. ...N
##.)..## #.# ##...
##)....# ..# .#####
##.....## ...# ##
##.)...## ..#
#######)....######.#
..................<#
...)))....)).......#
..[.))..^.).....@.##
.(..)............N#
##.....###########..#
#.....## .## .....##
## )...## ...## ..##
.##


You could see a naga warrior.

Vanquished Creatures
  Bai Suzhen (Snake:3)
  Rupert (D:14)
  2 storm dragons (D:14)
  Roxanne (Snake:3)
  4 nagarajas
  An orc warlord (Orc:1)
  The ghost of anything the Slicer, a journeyman OpAs of Hepliaklqana (Orc:2)
  2 blizzard demons (IceCv)
  An ettin (D:14)
  2 mummy priests (D:14)
  A fire dragon (D:15)
  A yaktaur captain (D:14)
  6 hydras
  14 naga warriors
  4 vault guards (D:13)
  12 anacondas
  16 two-headed ogres
  A death knight (D:12)
  2 catoblepae (Lair:4)
  6 centaur warriors
  9 death yaks
  3 tengu warriors (D:15)
  3 ogre magi (D:15)
  4 orc high priests
  9 naga sharpshooters
  3 shock serpents
  5 skeletal warriors
  3 salamander mystics
  A wizard (D:13)
  3 unseen horrors
  8 naga ritualists
  2 sea snakes
  A necromancer (D:13)
  Pikel (D:7)
  2 anaconda skeletons (Volcano)
  4 orc knights
  8 mana vipers
  7 orc sorcerers
  13 ugly things
  2 oklob plants
  2 deep elf magi (D:15)
  5 manticores
  A manticore (shapeshifter) (D:15)
  The ghost of Curus the Transmogrifier, a novice GnTm of Okawaru (D:5)
  3 cyclopes
  12 elephants
  The ghost of tidbits the Skirmisher, a novice DrWn of Wu Jian (D:6)
  10 salamanders
  3 guardian serpents
  13 naga magi
  32 black mambas
  8 gargoyles
  3 ice statues (IceCv)
  11 spiny frogs
  2 torpor snails
  4 centaur skeletons
  6 komodo dragons
  3 freezing wraiths
  2 anaconda simulacra (IceCv)
  3 kobold demonologists (D:15)
  A yaktaur (D:13)
  4 guardian mummies (D:14)
  5 trolls
  10 ice devils (IceCv)
  A tengu conjurer (D:15)
  2 golden dragon simulacra (IceCv)
  6 meliai
  10 polar bears
  2 queen bees
  20 blink frogs
  12 slime creatures
  A dream sheep (Lair:6)
  11 hornets
  2 harpy skeletons (Volcano)
  8 hippogriffs
  2 flying skulls (Volcano)
  2 shadows
  A dire elephant simulacrum (IceCv)
  An alligator skeleton (Volcano)
  3 wyverns
  15 spriggans (Lair:6)
  55 yaks
  3 wraiths
  6 basilisks
  2 fire elementals (D:13)
  17 humans (D:13)
  3 hungry ghosts (D:9)
  3 vampire mosquitoes
  Menkaure (D:14)
  An iron troll simulacrum (IceCv)
  3 soldier ants
  47 nagas
  2 wargs (Orc:2)
  2 hell hounds (D:13)
  3 acid dragons
  A hydra simulacrum (IceCv)
  3 harpy simulacra (IceCv)
  27 water moccasins
  A slave (D:7)
  13 porcupines
  4 ice beasts
  A hornet zombie (D:12)
  30 orc warriors
  11 sky beasts
  5 black bears
  A necrophage (D:11)
  15 ogres
  3 boggarts (Lair:6)
  20 wolves
  11 centaurs
  22 crocodiles
  6 big kobolds
  22 bullfrogs
  3 scorpions
  2 wyvern skeletons
  A hornet simulacrum (D:11)
  41 killer bees
  9 wights (D:13)
  2 troll skeletons (Volcano)
  A spriggan skeleton (Volcano)
  5 electric eels
  A howler monkey (D:5)
  7 crimson imps
  9 hounds
  4 centaur zombies
  4 jellies
  17 orc priests
  26 orc wizards
  Crazy Yiuf (D:2)
  5 bullfrog skeletons
  2 iguanas
  Terence (D:2)
  11 worker ants
  6 hell rats (Lair:6)
  A killer bee zombie (D:8)
  A bullfrog simulacrum (D:11)
  The ghost of p0werm0de the Bolt Thrower, a weakling DgWn (D:3)
  4 centaur simulacra
  3 naga skeletons (Volcano)
  2 hound skeletons
  2 mummies (D:14)
  21 adders
  3 river rats (Sewer)
  3 shadow imps
  A white imp (D:11)
  2 ufetubi (D:11)
  4 oozes
  An adder zombie (D:6)
  2 adder skeletons
  5 worms
  2 dart slugs
  7 leopard geckos
  83 orcs
  7 ball pythons
  11 bats
  6 giant cockroaches
  11 goblins
  10 hobgoblins
  4 jackals (D:4)
  23 kobolds
  4 quokkas
  A ball python zombie (D:5)
  3 frilled lizards
  A quokka zombie (D:6)
  11 rats
1156 creatures vanquished.

Vanquished Creatures (collateral kills)
  Azrael (D:13)
  A deep elf knight (D:14)
  A cyclops (D:14)
  2 fire elementals (D:13)
  A hell hound (D:13)
  2 orc warriors (Orc:2)
  A crimson imp (D:13)
  2 orcs
11 creatures vanquished.

Vanquished Creatures (others)
  A flying skull (Volcano)
  A naga (Snake:4)
  A slave (D:7)
  A bullfrog (D:7)
  An orc wizard (D:7)
  An orc priest (Orc:2)
  6 fungi (Lair:6)
  10 plants
  4 toadstools (D:1)
26 creatures vanquished.

Grand Total: 1193 creatures vanquished

Notes
Turn   | Place    | Note
-------+----------+-------------------------------------------
     0 | D:1      | tof the Minotaur Berserker began the quest for the Orb.
     0 | D:1      | Reached XP level 1. HP: 19/19 MP: 0/0
    68 | D:1      | Reached XP level 2. HP: 22/27 MP: 1/1
   131 | D:1      | Reached skill level 4 in Long Blades
   712 | D:1      | Reached XP level 3. HP: 33/33 MP: 2/2
   918 | D:2      | Reached ** piety under Trog
  1094 | D:2      | Found a hide-covered altar of Uskayaw.
  1125 | D:2      | Found a snail-covered altar of Cheibriados.
  1332 | D:2      | Noticed Terence
  1342 | D:2      | Killed Terence
  1342 | D:2      | Reached XP level 4. HP: 35/40 MP: 3/3
  1480 | D:2      | Found a runed door.
  1484 | D:2      | Noticed Crazy Yiuf
  1489 | D:2      | Killed Crazy Yiuf
  1847 | D:3      | Noticed an air elemental
  1866 | D:3      | Noticed a water elemental
  1959 | D:3      | Found a glowing drain.
  1982 | Sewer    | Entered a sewer
  1990 | Sewer    | Reached skill level 5 in Long Blades
  1997 | Sewer    | Reached XP level 5. HP: 47/47 MP: 4/4
  2319 | Sewer    | Reached XP level 6. HP: 54/55 MP: 5/5
  2325 | Sewer    | Reached skill level 5 in Fighting
  2325 | Sewer    | Reached skill level 5 in Armour
  2406 | Sewer    | Reached skill level 6 in Long Blades
  2518 | D:3      | Reached *** piety under Trog
  2534 | D:3      | Found a shattered altar of Ashenzari.
  2571 | D:3      | Found a faded altar of an unknown god.
  2583 | D:3      | Found a stormy altar of Qazlal.
  2591 | D:3      | Noticed a fire elemental
  2850 | D:3      | Noticed p0werm0de's ghost (weakling DgWn)
  2855 | D:3      | Killed p0werm0de's ghost
  2981 | D:3      | Reached XP level 7. HP: 61/61 MP: 6/6
  3328 | D:4      | Found a glowing golden altar of the Shining One.
  3331 | D:4      | Found a blossoming altar of Fedhas.
  3333 | D:4      | Found an ancient bone altar of Kikubaaqudgha.
  3391 | D:4      | Reached **** piety under Trog
  3410 | D:4      | Found a staircase to the Ecumenical Temple.
  3412 | D:4      | Found a shimmering altar of Xom.
  3537 | D:4      | Reached skill level 7 in Long Blades
  3572 | D:4      | Found a basalt altar of Yredelemnul.
  3834 | D:5      | Entered Level 5 of the Dungeon
  3890 | D:5      | Noticed Curus's ghost (novice GnTm)
  3897 | D:5      | Killed Curus's ghost
  3897 | D:5      | Reached skill level 8 in Long Blades
  3897 | D:5      | Reached XP level 8. HP: 70/70 MP: 7/7
  4565 | D:5      | Found a deep blue altar of Sif Muna.
  4807 | D:6      | Noticed tidbits's ghost (novice DrWn)
  4812 | D:6      | Found a sparkling altar of Nemelex Xobeh.
  4907 | D:6      | Reached skill level 5 in Dodging
  5103 | D:6      | Reached skill level 9 in Long Blades
  5233 | D:6      | Found a bloodstained altar of Trog.
  5336 | D:6      | Killed tidbits's ghost
  5336 | D:6      | Reached XP level 9. HP: 63/78 MP: 8/8
  5781 | D:6      | Reached ***** piety under Trog
  6121 | D:7      | Reached skill level 10 in Long Blades
  6640 | D:7      | Found an iron altar of Okawaru.
  6735 | D:7      | Noticed Pikel
  6748 | D:7      | Killed Pikel
  6748 | D:7      | Reached skill level 10 in Armour
  6748 | D:7      | Reached XP level 10. HP: 33/88 MP: 9/9
  7482 | D:8      | Found a shimmering altar of Xom.
  7546 | D:8      | Reached skill level 11 in Long Blades
  7970 | D:8      | Paralysed by a hornet for 2 turns
  8390 | D:9      | Found a white marble altar of Elyvilon.
  8466 | D:9      | Found a glowing silver altar of Zin.
  8530 | D:9      | Noticed a two-headed ogre
  8587 | D:7      | Reached skill level 12 in Long Blades
  8591 | D:7      | Gained mutation: Your muscles are strong. (Str +2) [mutagenic meat]
  8593 | D:7      | Gained mutation: You can translocate small distances at will. [mutagenic meat]
  8594 | D:7      | Gained mutation: Your body sometimes deteriorates upon taking damage. [mutagenic meat]
  8595 | D:7      | Gained mutation: You are surrounded by a mild repulsion field. (EV +2) [mutagenic meat]
  8709 | D:8      | Killed a two-headed ogre
  8822 | D:9      | Gained mutation: You are frail. (-10% HP) [mutagenic meat]
  8823 | D:9      | Gained mutation: You are partially covered in thin metallic scales. (AC +2) [mutagenic meat]
  8824 | D:9      | Lost mutation: You can translocate small distances at will. [mutagenic meat]
  8925 | D:9      | Gained mutation: You are very frail. (-20% HP) [mutagenic meat]
  8979 | D:9      | Reached XP level 11. HP: 68/77 MP: 10/10
  9114 | D:9      | Received a gift from Trog
  9299 | D:10     | Entered Level 10 of the Dungeon
  9400 | D:10     | Noticed a centaur warrior
  9412 | D:10     | Killed a centaur warrior
  9419 | D:10     | Found a staircase to the Lair.
 10230 | D:11     | Reached skill level 13 in Long Blades
 10361 | D:11     | Noticed a skeletal warrior
 10363 | D:11     | Noticed a skeletal warrior
 10363 | D:11     | Noticed a skeletal warrior
 10443 | D:11     | Killed a skeletal warrior
 10443 | D:11     | Reached skill level 10 in Fighting
 10451 | D:11     | Killed a skeletal warrior
 10456 | D:11     | Killed a skeletal warrior
 10607 | D:11     | Found a staircase to the Orcish Mines.
 10617 | D:11     | Noticed a two-headed ogre
 10634 | D:11     | Received a gift from Trog
 10640 | D:10     | Killed a two-headed ogre
 10862 | D:11     | Reached XP level 12. HP: 71/83 MP: 3/11
 10918 | D:11     | Gained mutation: You have a pair of large horns on your head. [mutagenic meat]
 10919 | D:11     | Gained mutation: Your body often deteriorates upon taking damage. [mutagenic meat]
 10920 | D:11     | Gained mutation: You tend to lose your temper in combat. [mutagenic meat]
 10921 | D:11     | Gained mutation: You expend magic power (3 MP) to strengthen your wands. [mutagenic meat]
 11734 | D:12     | Reached skill level 14 in Long Blades
 12512 | D:12     | Noticed a death knight
 12546 | D:12     | Killed a death knight
 13357 | D:13     | Noticed Azrael
 13361 | D:13     | Killed Azrael
 13361 | D:13     | Reached skill level 15 in Long Blades
 13435 | D:13     | Reached skill level 10 in Dodging
 13437 | D:13     | Received a gift from Trog
 13438 | D:13     | Got a shimmering triple sword {god gift}
 13454 | D:13     | Reached XP level 13. HP: 92/92 MP: 12/12
 13481 | D:13     | Identified the +3 triple sword of Red Wine {protect, rF++ Str-5 Dex+3} (Trog gifted it to you on level 13 of the Dungeon)
 13503 | D:13     | Gained mutation: Your magical capacity is low. (-10% MP) [mutagenic meat]
 13505 | D:13     | Gained mutation: You are occasionally teleported next to monsters. [mutagenic meat]
 13506 | D:13     | Lost mutation: You expend magic power (3 MP) to strengthen your wands. [mutagenic meat]
 13507 | D:13     | Lost mutation: You are very frail. (-20% HP) [mutagenic meat]
 13553 | D:13     | Gained mutation: You can translocate small distances at will. [mutagenic meat]
 13555 | D:13     | Lost mutation: You are partially covered in thin metallic scales. (AC +2) [mutagenic meat]
 13557 | D:13     | Lost mutation: You can translocate small distances at will. [mutagenic meat]
 13629 | D:13     | Lost mutation: Your muscles are strong. (Str +2) [mutagenic meat]
 13631 | D:13     | Lost mutation: You are occasionally teleported next to monsters. [mutagenic meat]
 13632 | D:13     | Gained mutation: You have large cloven feet. [mutagenic meat]
 13633 | D:13     | Gained mutation: You are weak. (Str -2) [mutagenic meat]
 13847 | D:13     | Reached skill level 15 in Armour
 13966 | D:13     | Found a gate to the Vaults.
 13973 | D:13     | Paralysed by a wizard for 6 turns
 13987 | D:13     | Paralysed by a wizard for 4 turns
 14746 | Lair:1   | Entered Level 1 of the Lair of Beasts
 15118 | Lair:1   | Received a gift from Trog
 15708 | Lair:1   | Reached skill level 16 in Long Blades
 16538 | Lair:2   | Found a staircase to the Shoals.
 17559 | Lair:3   | Reached XP level 14. HP: 114/114 MP: 11/11
 17590 | Lair:3   | Reached ****** piety under Trog
 18125 | Lair:3   | Received a gift from Trog
 18723 | Lair:4   | Found a staircase to the Snake Pit.
 18859 | Lair:4   | Reached skill level 17 in Long Blades
 19902 | Lair:5   | Found a staircase to the Slime Pits.
 19903 | Lair:5   | Found a viscous altar of Jiyva.
 20763 | Lair:6   | Entered Level 6 of the Lair of Beasts
 20804 | Lair:6   | Found a dark tunnel.
 20813 | Volcano  | Entered a volcano
 21133 | Volcano  | Received a gift from Trog
 21228 | Volcano  | Reached skill level 18 in Long Blades
 22243 | Lair:6   | Reached XP level 15. HP: 114/123 MP: 12/12
 23170 | Lair:6   | Received a gift from Trog
 23942 | Orc:1    | Entered Level 1 of the Orcish Mines
 24682 | Orc:2    | Entered Level 2 of the Orcish Mines
 24964 | Orc:1    | Reached skill level 19 in Long Blades
 25149 | Orc:2    | Found a staircase to the Elven Halls.
 25221 | Orc:2    | Noticed an orc warlord
 25450 | Orc:1    | Killed an orc warlord
 25714 | Orc:2    | Received a gift from Trog
 25942 | Orc:2    | Noticed anything's ghost (journeyman OpAs)
 25955 | Orc:2    | Killed anything's ghost
 26392 | Orc:2    | Found Itwuthis's General Store.
 26393 | Orc:2    | Found Uguxzewn's Book Boutique.
 26395 | Orc:2    | Found Tuadgh's Antique Armour Shop.
 26395 | Orc:2    | Found Biemno Iriji's Antique Weapon Shop.
 26728 | Orc:2    | Bought a manual of Dodging for 1214 gold pieces
 26915 | D:14     | Gained mutation: Your magical capacity is very low. (-20% MP) [mutagenic meat]
 26916 | D:14     | Lost mutation: You tend to lose your temper in combat. [mutagenic meat]
 26917 | D:14     | Gained mutation: You evolve. [mutagenic meat]
 26918 | D:14     | Gained mutation: You can translocate small distances at will. [mutagenic meat]
 27136 | D:14     | Gained mutation: You have sharp fingernails. [evolution]
 27156 | D:14     | Noticed Rupert
 27167 | D:14     | Noticed a storm dragon
 27175 | D:14     | Killed Rupert
 27180 | D:14     | Noticed a storm dragon
 27183 | D:14     | Killed a storm dragon
 27525 | D:14     | Reached XP level 16. HP: 130/132 MP: 11/11
 27794 | D:14     | Noticed Menkaure
 27798 | D:14     | Killed Menkaure
 28583 | D:14     | Received a gift from Trog
 29024 | D:14     | Killed a storm dragon
 29028 | D:14     | Reached skill level 15 in Fighting
 29063 | D:14     | Got an ancient bronze ring
 29077 | D:14     | Identified the ring of Dussidef {MR+ EV+2 Int+3 Dex+2} (You took it off a centaur on level 14 of the Dungeon)
 29101 | D:14     | Reached skill level 20 in Long Blades
 29301 | D:14     | Got a smoking ring mail
 29312 | D:14     | Identified the +2 ring mail of the Distant Future {rPois rF+ Int-4 Dex+2} (You found it on level 14 of the Dungeon)
 29393 | D:15     | Entered Level 15 of the Dungeon
 29483 | D:15     | Reached skill level 15 in Dodging
 29997 | D:15     | Received a gift from Trog
 30591 | D:15     | Gained mutation: Armour fits poorly on your strangely shaped body. [mutagenic meat]
 30592 | D:15     | Gained mutation: Scrolls take you a little longer to read. [mutagenic meat]
 30593 | D:15     | Lost mutation: You are frail. (-10% HP) [mutagenic meat]
 30826 | D:15     | Lost mutation: Scrolls take you a little longer to read. [mutagenic meat]
 30827 | D:15     | Gained mutation: You tend to lose your temper in combat. [mutagenic meat]
 30828 | D:15     | Gained mutation: You are frail. (-10% HP) [mutagenic meat]
 30830 | D:15     | Lost mutation: You can translocate small distances at will. [mutagenic meat]
 30944 | D:15     | Found a staircase to the Depths.
 31196 | Snake:1  | Entered Level 1 of the Snake Pit
 32350 | Snake:2  | Reached skill level 21 in Long Blades
 32745 | Snake:2  | Reached XP level 17. HP: 90/141 MP: 12/12
 33233 | Snake:2  | Received a gift from Trog
 35183 | Snake:3  | Noticed Bai Suzhen
 35202 | Snake:3  | Killed Bai Suzhen
 36138 | Snake:3  | Noticed Roxanne
 36412 | Snake:3  | Killed Roxanne
 36413 | Snake:3  | Identified Roxanne's Reference Book on Transformation (You took it off Roxanne on level 3 of the Snake Pit)
 37361 | Snake:4  | Entered Level 4 of the Snake Pit
 37361 | Snake:4  | Found a frozen archway.
 37381 | IceCv    | Entered an ice cave
 38375 | IceCv    | Received a gift from Trog
 38613 | IceCv    | Reached skill level 22 in Long Blades
 39297 | Snake:4  | HP: 5/144 [naga warrior/glaive (5)]
 39303 | Snake:4  | HP: 5/144 [poisoned by a naga (splash of poison)]
 40538 | Snake:4  | Reached XP level 18. HP: 143/152 MP: 13/13
 40542 | Snake:4  | Received a gift from Trog
 40993 | Snake:4  | Reached skill level 23 in Long Blades
 41086 | Snake:4  | Slain by a naga warrior

Vault maps used:
D:1:      ldierk_water_garden
D:2:      lemuel_doored_altar, lemuel_round_altar, dk_noncrumbling_3,
          uniq_crazy_yiuf_cottage, uniq_terence
D:3:      nicolae_qazlal_style_of_elements, nicolae_ashenzari_panopticon,
          portal_sewer_entry_a, chequers_ecumenical_altar_simple
D:4:      overflow_temple_1_default, kennysheep_mini,
          grunt_temple_overflow_open, minmay_temple_entry_glass
D:5:      kennysheep_mini_moat, first_bread
D:6:      trog_ov_bears_minmay, basic_altar
D:7:      basic_altar, uniq_pikel
D:8:      david_nohive_1, tgw_xom
D:9:      nicolae_overflow_hidden_temple, nicolae_overflow_crystal_walls
D:10:     minmay_lair_entry_grove
D:11:     orc_0_dummy, serial_ice, serial_ice_a, serial_ice_k, serial_ice_n,
          serial_ice_e, serial_ice_g, serial_ice_o, serial_ice_h,
          minmay_misc_feat_cross
D:13:     grunt_vaults_entry_tiered, uniq_azrael
D:14:     ragdoll_tomb_raider, hangedman_abyss_or_decor_stabs, serial_glass,
          glass_columns_a, glass_columns_a, kennysheep_big_empty_room,
          minmay_checkered_concentric_circles, uniq_rupert
D:15:     grunt_enter_depths_magical_seal, hangedman_decor_opposing,
          minmay_crystal_water, fountainhead
Lair:1:   minmay_lair_oklob_chamber
Lair:2:   elwin_shoals_entry_rocks, beast_lair_carwin_2,
          infiniplex_staircase_pool_2
Lair:4:   minmay_snake_entry_guardpost_medium, nicolae_quartered_pool_super,
          beast_lair_carwin_6
Lair:5:   slime_altar_1
Lair:6:   minmay_lair_end_enchanted_forest, lab_entry_generic, enter_volcano_1,
          minivault_24, serial_bayou_crossing, infiniplex_staircase_pool
Snake:1:  nicolae_snake_springs
Snake:2:  serial_corexii_hall, corexii_hall_statues_deadend,
          corexii_hall_statues_i, corexii_hall_statues_s,
          corexii_hall_statues_l, serial_bayou_shore_a
Snake:3:  uniq_roxanne, uniq_bai_suzhen
Snake:4:  grunt_snake_rune_spirals, portal_ice_cave_entry_pillars_2,
          minmay_shop_grove
Orc:1:    mines3_lemuel
Orc:2:    st_orc_congregation
Sewer:    sewer_co_15_rooms
IceCv:    ice_cave_tombish
Volcano:  volcano_tomb

Skill      XL: |  1  2  3  4  5  6  7  8  9 10 11 12 13 14 15 16 17 18 |
---------------+-------------------------------------------------------+-----
Long Blades    | 4 5 6 8 9 10 12 13 15 16 18 19 21 22 23 | 23.0
Armour         | 3 4 5 7 8 10 11 13 14 15 16 17 | 17.3
Fighting       | 4 5 6 7 9 10 11 12 13 14 15 17 | 17.4
Dodging        | 3 4 5 6 7 9 10 11 12 14 17 18 | 18.5

Action                   |  1- 3 |  4- 6 |  7- 9 | 10-12 | 13-15 | 16-18 || total
-------------------------+-------+-------+-------+-------+-------+-------++-------
Melee: Falchion          |    52 |       |       |       |       |       ||    52
       Headbutt          |    10 |    29 |    64 |   145 |   325 |   317 ||   890
       Long sword        |    31 |   135 |   297 |   222 |       |       ||   685
       Great sword       |       |       |       |   322 |   170 |   160 ||   652
       Scimitar          |       |       |       |    38 |    14 |       ||    52
       Triple sword      |       |       |       |       |  1005 |   785 ||  1790
       Kick              |       |       |       |       |    75 |       ||    75
Invok: Berserk           |       |     1 |     4 |    10 |     9 |     5 ||    29
       Trog's Hand       |       |       |       |     2 |     5 |     2 ||     9
       Brothers in Arms  |       |       |       |     1 |     2 |       ||     3
       Burn Spellbooks   |       |       |       |       |       |     1 ||     1
  Use: Scroll            |       |       |     8 |     9 |    15 |    13 ||    45
       Potion            |       |       |       |     7 |     2 |     3 ||    12
  Eat: Chunk             |     1 |     7 |    15 |    28 |    47 |    10 ||   108
       Bread ration      |       |       |       |     4 |     7 |     4 ||    15
       Meat ration       |       |       |       |     1 |       |     6 ||     7
Armor: Animal skin       |     4 |       |       |       |       |       ||     4
       Ring mail         |    21 |       |       |       |       |   205 ||   226
       Chain mail        |       |    70 |   203 |   317 |   927 |    73 ||  1590
Dodge: Dodged            |    49 |    61 |   145 |   418 |  1119 |  1221 ||  3013
       Rpst.: Falchion   |    10 |       |       |       |       |       ||    10
       Long sword        |     5 |    18 |    43 |    30 |       |       ||    96
       Great sword       |       |       |       |    79 |    29 |    37 ||   145
       Scimitar          |       |       |       |     9 |     2 |       ||    11
       Triple sword      |       |       |       |       |   227 |   179 ||   406

Table legend:
 A = Spawn XP
 B = Non-spawn XP
 C = Spawn XP percentage of total XP
 D = Spawn monster count
 E = Non-spawn monster count
 F = Spawn count percentage of total count
 G = Total turns spent on level
                    A         B        C        D         E        F      G
               +---------+---------+-------+---------+---------+-------+---------
         Total |   49774 |  255991 |  16.3 |     175 |     991 |  15.0 | 41086
               +---------+---------+-------+---------+---------+-------+---------
           D:1 |       3 |      44 |   6.4 |       2 |      23 |   8.0 |   884
           D:2 |      11 |     111 |   9.0 |       4 |      19 |  17.4 |   946
           D:3 |       2 |     165 |   1.2 |       2 |      24 |   7.7 |   848
           D:4 |       2 |     349 |   0.6 |       1 |      16 |   5.9 |   678
           D:5 |     197 |     761 |  20.6 |       4 |      15 |  21.1 |   878
           D:6 |      58 |    1465 |   3.8 |       3 |      29 |   9.4 |  1498
           D:7 |     255 |    2198 |  10.4 |       3 |      19 |  13.6 |  1216
           D:8 |     113 |    2928 |   3.7 |       3 |      28 |   9.7 |   975
           D:9 |     720 |    1362 |  34.6 |      11 |      19 |  36.7 |   898
          D:10 |     619 |    5535 |  10.1 |       3 |      35 |   7.9 |  1128
          D:11 |     360 |    7489 |   4.6 |       8 |      58 |  12.1 |  1529
          D:12 |    2564 |    5150 |  33.2 |       9 |      23 |  28.1 |  1297
          D:13 |    1361 |   15720 |   8.0 |       8 |      80 |   9.1 |  1757
          D:14 |    1459 |   25161 |   5.5 |       8 |      45 |  15.1 |  2563
          D:15 |    8391 |   26317 |  24.2 |      13 |      58 |  18.3 |  1636
        Lair:1 |     687 |    5067 |  11.9 |       6 |      20 |  23.1 |  1280
        Lair:2 |    1605 |    5723 |  21.9 |       7 |      25 |  21.9 |  1180
        Lair:3 |     300 |    6587 |   4.4 |       2 |      22 |   8.3 |  1083
        Lair:4 |     993 |   12451 |   7.4 |       2 |      40 |   4.8 |  1606
        Lair:5 |    1622 |    5752 |  22.0 |       8 |      21 |  27.6 |  1014
        Lair:6 |    8326 |   17829 |  31.8 |      25 |      79 |  24.0 |  2222
       Snake:1 |    1839 |    7360 |  20.0 |       3 |      27 |  10.0 |  1146
       Snake:2 |    2034 |    5595 |  26.7 |       4 |      13 |  23.5 |  1654
       Snake:3 |   12209 |   22880 |  34.8 |      23 |      30 |  43.4 |  3365
       Snake:4 |    2921 |   39572 |   6.9 |       7 |      66 |   9.6 |  1842
         Orc:1 |     112 |    6679 |   1.6 |       1 |      16 |   5.9 |  1462
         Orc:2 |    1011 |    9718 |   9.4 |       5 |      75 |   6.2 |  1388
         Sewer |       0 |     424 |   0.0 |       0 |      21 |   0.0 |   478
         IceCv |       0 |    9223 |   0.0 |       0 |      25 |   0.0 |  1883
       Volcano |       0 |    6376 |   0.0 |       0 |      20 |   0.0 |   752
               +---------+---------+-------+---------+---------+-------+---------
